 Dungeon Crawl Stone Soup version 0.17.1-1-g73c8601 (webtiles) character file.

134 Alreadydead the Insei (level 4, -1/35 HPs)
             Began as a Demonspawn Monk on Jan 1, 2016.
             Slain by an orc
             ... wielding a +0 war axe
              (7 damage)
             ... on level 2 of the Dungeon.
             The game lasted 00:04:46 (3078 turns).

Alreadydead the Insei (Demonspawn Monk)             Turns: 3078, Time: 00:04:46

Health: -1/35      AC:  3    Str: 11    XL:     4   Next: 95%
Magic:  4/4        EV: 13    Int: 11    God:
Gold:   161        SH:  0    Dex: 17    Spells: 0 memorised, 3 levels left

rFire  . . .     SeeInvis .       - Unarmed
rCold  + . .     Clarity  .     a - +1 robe
rNeg   . . .     SustAt   +     (no shield)
rPois  .         Gourm    .     (no helmet)
rElec  .         Spirit   .     (no cloak)
rCorr  .         Warding  .     (no gloves)
rMut   .         Rnd*Tele +     (no boots)
MR     .....                    (no amulet)
Stlth  ++........               m - ring of sustain attributes
                                e - ring of teleportation (curse)

@: not resistant to hostile enchantments, unstealthy
A: claws 1, cold resistance 1
a: Evoke Teleportation


You were on level 2 of the Dungeon.
You were not hungry.

You visited 1 branch of the dungeon, and saw 3 of its levels.

You collected 161 gold pieces.

Inventory:

Armour
 a - a +1 robe (worn)
Jewellery
 e - a cursed ring of teleportation (left claw)
 m - a ring of sustain attributes (right claw)
Wands
 g - a wand of confusion (20)
Scrolls
 j - a scroll of fog {unknown}
 l - a scroll of teleportation
Potions
 c - a potion of curing
 d - a potion of resistance {unknown}
 i - a potion of poison {unknown}
Comestibles
 b - 2 bread rations
 f - a beef jerky
 h - 2 chunks of flesh


   Skills:
 - Level 3.0 Fighting
 - Level 2.6 Dodging
 - Level 1.7 Stealth
 + Level 5.7 Unarmed Combat


You had 3 spell levels left.
You didn't know any spells.

Dungeon Overview and Level Annotations

Branches:
Dungeon (3/15)

Altars:
Dithmenos
Nemelex Xobeh
Sif Muna

Annotations:
D:3 Jessica


Innate Abilities, Weirdness & Mutations

You have sharp fingernails.
Your flesh is cold resistant.


Message History

* * * LOW HITPOINT WARNING * * *
The orc wizard gestures wildly while chanting.
The orc wizard flickers and vanishes!
Deactivating autopickup; reactivate with Ctrl-A.
There is a stone staircase leading up here.
You scratch the orc.
The orc is severely wounded.
The orc hits you with a war axe!
* * * LOW HITPOINT WARNING * * *
You climb upwards.
There is a stone staircase leading down here.
You are too injured to fight recklessly!
You are too injured to fight recklessly!
You closely miss the orc.
The orc is severely wounded.
The orc barely misses you.
You scratch the orc but do no damage.
The orc is severely wounded.
The orc hits you with a war axe!
You die...

#.########.# #.#
#.####### #.#
#........ #.#
######### #># #
#.# # #.# # #o# #
#@#
#.################
#.................
##################


You could see an orc.

Vanquished Creatures
  A worker ant (D:3)
  4 adders
  An ooze (D:2)
  2 worms
  4 giant geckos
  6 orcs (D:3)
  3 bats
  3 giant cockroaches (D:3)
  7 hobgoblins
  3 jackals (D:3)
  3 quokkas
  3 giant newts
  4 goblins
  6 kobolds
  4 rats
54 creatures vanquished.

Notes
Turn   | Place    | Note
--------------------------------------------------------------
     0 | D:1      | Alreadydead the Demonspawn Monk began the quest for the Orb.
     0 | D:1      | Reached XP level 1. HP: 18/18 MP: 1/1
   523 | D:1      | Reached skill level 4 in Unarmed Combat
   550 | D:1      | Gained mutation: Your flesh is cold resistant. [demonic ancestry]
   550 | D:1      | Reached XP level 2. HP: 24/24 MP: 2/2
  1203 | D:2      | Found a faded altar to an unknown god.
  1359 | D:2      | Reached XP level 3. HP: 18/29 MP: 3/3
  1560 | D:2      | Found a sparkling altar of Nemelex Xobeh.
  2217 | D:3      | Found a shadowy altar of Dithmenos.
  2223 | D:3      | Reached skill level 5 in Unarmed Combat
  2229 | D:3      | Gained mutation: You have sharp fingernails. [demonic ancestry]
  2229 | D:3      | Reached XP level 4. HP: 33/35 MP: 4/4
  2283 | D:3      | Found a deep blue altar of Sif Muna.
  2284 | D:3      | Noticed Jessica
  3078 | D:2      | Slain by an orc

Action                   |  1- 3 |  4- 6 || total
-------------------------+-------+-------++-------
Melee: Unarmed           |   134 |    71 ||   205
  Use: Scroll            |     6 |     2 ||     8
       Potion            |       |     3 ||     3
 Stab: Sleeping          |     7 |     2 ||     9
  Eat: Chunk             |     4 |     3 ||     7
